[ AOE2 MATCH · #506893786 ]
UnrankedPersians vs Celts
Player's team · LOSS
Rival team · WIN
[ REPLAY ANALYSIS · EXTRACTED FROM THE RECORDED GAME ]
Feudal
19:41
Castle
25:26
Imperial
—
| APM avg | 47.9 |
| APM peak | 78 |
| eAPM avg | 25.6 |
| Villagers / military | 73 / 7 |
Focus
⚔️ 30.8% · 🌾 69.2%
Militia ×3 · Mangonel ×2 · Battering Ram ×2
Feudal
10:40
Castle
27:42
Imperial
—
| APM avg | 103.9 |
| APM peak | 140 |
| eAPM avg | 49.1 |
| Villagers / military | 75 / 69 |
Focus
⚔️ 37.1% · 🌾 62.9%
Woad Raider ×47 · Archer ×14 · Battering Ram ×7 · Militia ×1 · Trade Cart ×1
Match map
Initial resources + every placement click. Lines = walls · curves = elevation contours. ◆ gold · ⬟ stone · ● berries · ✦ relic · ◌ wall gap
Your base· Open — 4t gap
Kubiasty's base· Open — 3t gap
Smoothed initial terrain · ◌ = detected wall gap · hover for details
Inputs per minute
— MztK | FeNiX - - Kubiasty
Build order — MztK | FeNiX
First 150 of 178 actions detected
| 0:00 | Queue | Villager (Male) |
| 0:02 | Build | House |
| 0:03 | Build | House |
| 0:44 | Queue | Villager (Male) |
| 0:44 | Queue | Villager (Male) |
| 0:45 | Queue | Villager (Male) |
| 0:49 | Queue | Villager (Male) |
| 1:26 | Queue | Villager (Male) |
| 2:10 | Build | Barracks |
| 2:12 | Build | House |
| 2:30 | Queue | Villager (Male) |
| 2:30 | Queue | Villager (Male) |
| 3:03 | Queue | Militia |
| 3:05 | Queue | Villager (Male) |
| 3:29 | Queue | Militia |
| 3:35 | Queue | Villager (Male) |
| 3:53 | Queue | Militia |
| 4:04 | Build | House |
| 4:05 | Queue | Villager (Male) |
| 4:18 | Queue | Villager (Male) |
| 4:30 | Queue | Villager (Male) |
| 4:30 | Queue | Villager (Male) |
| 4:54 | Queue | Villager (Male) |
| 4:54 | Queue | Villager (Male) |
| 5:15 | Queue | Villager (Male) |
| 5:33 | Queue | Villager (Male) |
| 5:34 | Queue | Villager (Male) |
| 5:34 | Queue | Villager (Male) |
| 5:38 | Build | House |
| 5:48 | Queue | Villager (Male) |
| 6:01 | Queue | Villager (Male) |
| 6:34 | Queue | Villager (Male) |
| 6:39 | Build | Lumber Camp |
| 7:01 | Queue | Villager (Male) |
| 7:29 | Research | Loom |
| 8:07 | Queue | Villager (Male) |
| 8:07 | Queue | Villager (Male) |
| 9:17 | Build | Town Center |
| 9:26 | Build | Mill |
| 9:39 | Build | House |
| 10:10 | Queue | Villager (Male) |
| 10:10 | Queue | Villager (Male) |
| 10:10 | Queue | Villager (Male) |
| 10:10 | Queue | Villager (Male) |
| 11:00 | Build | Mill |
| 11:23 | Queue | Villager (Male) |
| 11:55 | Queue | Villager (Male) |
| 11:56 | Queue | Villager (Male) |
| 11:56 | Queue | Villager (Male) |
| 11:56 | Queue | Villager (Male) |
| 12:14 | Build | House |
| 13:35 | Queue | Villager (Male) |
| 13:35 | Queue | Villager (Male) |
| 13:35 | Queue | Villager (Male) |
| 13:56 | Build | Farm |
| 13:56 | Build | Farm |
| 13:56 | Build | Farm |
| 13:56 | Build | Farm |
| 13:57 | Build | Farm |
| 14:07 | Queue | Villager (Male) |
| 14:18 | Build | Farm |
| 14:36 | Build | Farm |
| 14:51 | Build | House |
| 14:54 | Build | Palisade Wall |
| 14:57 | Build | Farm |
| 15:03 | Build | Farm |
| 15:05 | Build | House |
| 15:12 | Queue | Villager (Male) |
| 15:37 | Build | Palisade Wall |
| 15:41 | Queue | Villager (Male) |
| 16:06 | Build | House |
| 16:09 | Build | Palisade Wall |
| 16:11 | Build | Palisade Wall |
| 16:23 | Build | Palisade Wall |
| 16:26 | Build | Palisade Wall |
| 16:27 | Queue | Villager (Male) |
| 16:29 | Build | Farm |
| 16:46 | Build | House |
| 16:52 | Build | Palisade Wall |
| 16:56 | Build | Palisade Wall |
| 16:59 | Build | Palisade Wall |
| 17:02 | Queue | Villager (Male) |
| 17:15 | Build | Mining Camp |
| 17:26 | Build | Palisade Wall |
| 17:29 | Build | Palisade Wall |
| 17:34 | Build | House |
| 17:37 | Research | Feudal Age |
| 18:07 | Build | Farm |
| 18:12 | Build | Lumber Camp |
| 18:28 | Build | House |
| 18:29 | Build | House |
| 19:41 | Age | Feudal Age |
| 19:42 | Build | Market |
| 19:53 | Queue | Villager (Male) |
| 19:59 | Build | Blacksmith |
| 20:12 | Build | Blacksmith |
| 20:22 | Build | House |
| 20:26 | Queue | Villager (Male) |
| 20:38 | Build | Watch Tower |
| 20:54 | Research | Fletching |
| 20:55 | Research | Fletching |
| 21:01 | Build | Watch Tower |
| 21:17 | Build | Watch Tower |
| 21:33 | Build | Palisade Wall |
| 23:01 | Research | Castle Age |
| 23:01 | Research | Castle Age |
| 23:59 | Build | Farm |
| 24:01 | Build | Farm |
| 24:02 | Build | Farm |
| 24:18 | Build | Outpost |
| 24:46 | Build | Mining Camp |
| 25:20 | Build | Farm |
| 25:26 | Age | Castle Age |
| 25:33 | Build | Siege Workshop |
| 25:43 | Queue | Villager (Male) |
| 25:43 | Queue | Villager (Male) |
| 26:00 | Queue | Mangonel |
| 26:06 | Build | Town Center |
| 26:12 | Queue | Villager (Male) |
| 26:12 | Queue | Villager (Male) |
| 26:36 | Research | Double-Bit Axe |
| 26:36 | Research | Double-Bit Axe |
| 26:54 | Queue | Villager (Male) |
| 27:06 | Queue | Battering Ram |
| 27:11 | Queue | Villager (Male) |
| 27:11 | Queue | Villager (Male) |
| 27:11 | Queue | Villager (Male) |
| 27:24 | Build | Farm |
| 27:40 | Build | Farm |
| 27:50 | Queue | Villager (Male) |
| 28:30 | Queue | Villager (Male) |
| 28:51 | Queue | Villager (Male) |
| 29:09 | Queue | Villager (Male) |
| 29:27 | Build | Outpost |
| 29:39 | Build | Town Center |
| 29:39 | Queue | Villager (Male) |
| 29:39 | Queue | Villager (Male) |
| 29:44 | Queue | Villager (Male) |
| 29:50 | Build | Farm |
| 29:50 | Build | Farm |
| 29:50 | Build | Farm |
| 30:05 | Build | Outpost |
| 30:33 | Queue | Villager (Male) |
| 30:33 | Queue | Villager (Male) |
| 30:44 | Build | Palisade Gate |
| 31:42 | Build | Outpost |
| 31:43 | Queue | Villager (Male) |
| 31:52 | Build | Town Center |
| 32:06 | Queue | Villager (Male) |
| 32:06 | Queue | Villager (Male) |
Build order — Kubiasty
First 150 of 328 actions detected
| 0:02 | Queue | Villager (Male) |
| 0:03 | Queue | Villager (Male) |
| 0:04 | Build | House |
| 0:05 | Build | House |
| 0:07 | Queue | Villager (Male) |
| 0:21 | Queue | Villager (Male) |
| 0:21 | Queue | Villager (Male) |
| 1:29 | Queue | Villager (Male) |
| 1:29 | Queue | Villager (Male) |
| 2:06 | Queue | Villager (Male) |
| 2:06 | Queue | Villager (Male) |
| 2:11 | Build | Lumber Camp |
| 2:30 | Queue | Villager (Male) |
| 2:30 | Queue | Villager (Male) |
| 2:37 | Build | House |
| 2:38 | Build | House |
| 2:51 | Queue | Villager (Male) |
| 3:04 | Queue | Villager (Male) |
| 3:36 | Queue | Villager (Male) |
| 4:00 | Queue | Villager (Male) |
| 4:22 | Queue | Villager (Male) |
| 4:39 | Build | Palisade Wall |
| 4:39 | Build | Palisade Wall |
| 4:40 | Build | Palisade Wall |
| 4:46 | Queue | Villager (Male) |
| 5:05 | Queue | Villager (Male) |
| 5:15 | Build | Mill |
| 5:26 | Queue | Villager (Male) |
| 5:46 | Queue | Villager (Male) |
| 5:57 | Build | Palisade Wall |
| 5:58 | Build | Palisade Wall |
| 5:58 | Build | Palisade Wall |
| 5:59 | Build | Palisade Wall |
| 6:05 | Build | Palisade Wall |
| 6:06 | Build | Palisade Wall |
| 6:06 | Build | Palisade Wall |
| 6:08 | Build | Palisade Wall |
| 6:09 | Build | Palisade Wall |
| 6:09 | Build | Palisade Wall |
| 6:13 | Queue | Villager (Male) |
| 6:20 | Research | Loom |
| 6:20 | Research | Loom |
| 6:23 | Build | Palisade Wall |
| 6:39 | Queue | Villager (Male) |
| 6:41 | Build | Palisade Wall |
| 6:42 | Build | Palisade Wall |
| 6:46 | Build | Palisade Wall |
| 7:24 | Queue | Villager (Male) |
| 7:32 | Build | Palisade Wall |
| 8:01 | Queue | Villager (Male) |
| 8:30 | Research | Feudal Age |
| 8:31 | Research | Feudal Age |
| 8:56 | Build | Palisade Wall |
| 9:14 | Build | Farm |
| 9:28 | Build | Palisade Wall |
| 9:31 | Build | Palisade Wall |
| 9:32 | Build | Palisade Wall |
| 9:41 | Build | Lumber Camp |
| 9:57 | Build | Palisade Wall |
| 9:59 | Build | Palisade Wall |
| 10:02 | Build | Palisade Wall |
| 10:02 | Build | Palisade Wall |
| 10:22 | Build | House |
| 10:25 | Build | Palisade Wall |
| 10:26 | Queue | Villager (Male) |
| 10:36 | Build | Mining Camp |
| 10:40 | Age | Feudal Age |
| 10:41 | Build | Barracks |
| 10:45 | Research | Double-Bit Axe |
| 10:46 | Research | Double-Bit Axe |
| 10:52 | Build | Palisade Wall |
| 10:53 | Build | Palisade Wall |
| 10:56 | Build | Palisade Wall |
| 11:00 | Build | Palisade Wall |
| 11:04 | Queue | Villager (Male) |
| 11:19 | Queue | Villager (Male) |
| 11:30 | Queue | Villager (Male) |
| 11:36 | Build | Archery Range |
| 11:42 | Build | House |
| 12:00 | Build | House |
| 12:04 | Build | House |
| 12:19 | Queue | Archer |
| 12:25 | Build | House |
| 12:26 | Queue | Villager (Male) |
| 12:45 | Build | House |
| 12:55 | Build | Palisade Wall |
| 12:59 | Queue | Archer |
| 13:03 | Build | Palisade Wall |
| 13:04 | Build | Palisade Wall |
| 13:09 | Queue | Archer |
| 13:44 | Build | House |
| 13:53 | Build | Palisade Wall |
| 13:56 | Build | Town Center |
| 14:10 | Queue | Archer |
| 14:14 | Build | House |
| 14:22 | Build | House |
| 14:47 | Queue | Archer |
| 14:54 | Build | House |
| 15:04 | Build | Blacksmith |
| 15:19 | Queue | Villager (Male) |
| 15:19 | Queue | Villager (Male) |
| 15:31 | Queue | Villager (Male) |
| 15:41 | Queue | Villager (Male) |
| 15:42 | Queue | Archer |
| 15:43 | Queue | Archer |
| 16:25 | Queue | Villager (Male) |
| 16:37 | Build | Mill |
| 16:41 | Queue | Villager (Male) |
| 16:42 | Queue | Archer |
| 16:45 | Queue | Villager (Male) |
| 16:48 | Build | Farm |
| 16:49 | Build | Farm |
| 16:51 | Build | Farm |
| 16:55 | Build | Market |
| 17:17 | Queue | Villager (Male) |
| 17:22 | Queue | Villager (Male) |
| 17:23 | Queue | Archer |
| 17:27 | Queue | Villager (Male) |
| 17:28 | Research | Fletching |
| 17:28 | Research | Fletching |
| 17:28 | Research | Fletching |
| 17:31 | Build | Farm |
| 17:31 | Build | Farm |
| 17:40 | Build | Farm |
| 17:43 | Build | Farm |
| 17:59 | Build | Mining Camp |
| 18:16 | Queue | Archer |
| 18:17 | Queue | Villager (Male) |
| 18:36 | Queue | Archer |
| 18:48 | Build | Lumber Camp |
| 19:14 | Queue | Villager (Male) |
| 19:25 | Build | Watch Tower |
| 19:29 | Queue | Archer |
| 19:30 | Queue | Villager (Male) |
| 19:36 | Research | Horse Collar |
| 19:36 | Research | Horse Collar |
| 19:41 | Queue | Villager (Male) |
| 19:42 | Build | Farm |
| 19:51 | Queue | Villager (Male) |
| 20:10 | Build | Palisade Wall |
| 20:10 | Build | Palisade Wall |
| 20:11 | Build | Palisade Wall |
| 20:11 | Build | Palisade Wall |
| 20:11 | Build | Palisade Wall |
| 20:11 | Build | Palisade Wall |
| 20:15 | Build | House |
| 20:18 | Build | Palisade Wall |
| 20:41 | Build | Palisade Wall |
| 20:42 | Build | Palisade Wall |
| 20:48 | Build | Watch Tower |
Match timeline
| 2:10 | MztK | FeNiX · first_building Barracks |
| 4:39 | Kubiasty · wall_segment Palisade Wall x1 |
| 4:39 | Kubiasty · wall_segment Palisade Wall x1 |
| 4:40 | Kubiasty · wall_segment Palisade Wall x1 |
| 5:57 | Kubiasty · wall_segment Palisade Wall x1 |
| 5:58 | Kubiasty · wall_segment Palisade Wall x1 |
| 5:58 | Kubiasty · wall_segment Palisade Wall x1 |
| 5:59 | Kubiasty · wall_segment Palisade Wall x1 |
| 6:05 | Kubiasty · wall_segment Palisade Wall x1 |
| 6:06 | Kubiasty · wall_segment Palisade Wall x1 |
| 6:06 | Kubiasty · wall_segment Palisade Wall x1 |
| 6:08 | Kubiasty · wall_segment Palisade Wall x1 |
| 6:09 | Kubiasty · wall_segment Palisade Wall x1 |
| 6:09 | Kubiasty · wall_segment Palisade Wall x1 |
| 6:23 | Kubiasty · wall_segment Palisade Wall x1 |
| 6:41 | Kubiasty · wall_segment Palisade Wall x1 |
| 6:42 | Kubiasty · wall_segment Palisade Wall x1 |
| 6:46 | Kubiasty · wall_segment Palisade Wall x1 |
| 7:32 | Kubiasty · wall_segment Palisade Wall x1 |
| 8:56 | Kubiasty · wall_segment Palisade Wall x1 |
| 9:28 | Kubiasty · wall_segment Palisade Wall x1 |
| 9:31 | Kubiasty · wall_segment Palisade Wall x1 |
| 9:32 | Kubiasty · wall_segment Palisade Wall x1 |
| 9:57 | Kubiasty · wall_segment Palisade Wall x1 |
| 9:59 | Kubiasty · wall_segment Palisade Wall x1 |
| 10:02 | Kubiasty · wall_segment Palisade Wall x1 |
| 10:02 | Kubiasty · wall_segment Palisade Wall x1 |
| 10:25 | Kubiasty · wall_segment Palisade Wall x1 |
| 10:40 | Kubiasty · age_up feudal |
| 10:41 | Kubiasty · first_building Barracks |
| 10:52 | Kubiasty · wall_segment Palisade Wall x1 |
| 10:53 | Kubiasty · wall_segment Palisade Wall x1 |
| 10:56 | Kubiasty · wall_segment Palisade Wall x1 |
| 11:00 | Kubiasty · wall_segment Palisade Wall x1 |
| 11:36 | Kubiasty · first_building Archery Range |
| 12:55 | Kubiasty · wall_segment Palisade Wall x1 |
| 13:03 | Kubiasty · wall_segment Palisade Wall x1 |
| 13:04 | Kubiasty · wall_segment Palisade Wall x1 |
| 13:53 | Kubiasty · wall_segment Palisade Wall x1 |
| 14:54 | MztK | FeNiX · wall_segment Palisade Wall x2 |
| 15:37 | MztK | FeNiX · wall_segment Palisade Wall x4 |
| 16:09 | MztK | FeNiX · wall_segment Palisade Wall x1 |
| 16:11 | MztK | FeNiX · wall_segment Palisade Wall x1 |
| 16:23 | MztK | FeNiX · wall_segment Palisade Wall x8 |
| 16:26 | MztK | FeNiX · wall_segment Palisade Wall x5 |
| 16:52 | MztK | FeNiX · wall_segment Palisade Wall x5 |
| 16:56 | MztK | FeNiX · wall_segment Palisade Wall x3 |
| 16:59 | MztK | FeNiX · wall_segment Palisade Wall x4 |
| 17:26 | MztK | FeNiX · wall_segment Palisade Wall x6 |
| 17:29 | MztK | FeNiX · wall_segment Palisade Wall x5 |
| 19:18 | Kubiasty · first_market_buy 100 stone |
| 19:41 | MztK | FeNiX · age_up feudal |
| 20:10 | Kubiasty · wall_segment Palisade Wall x1 |
| 20:10 | Kubiasty · wall_segment Palisade Wall x1 |
| 20:11 | Kubiasty · wall_segment Palisade Wall x1 |
| 20:11 | Kubiasty · wall_segment Palisade Wall x2 |
| 20:11 | Kubiasty · wall_segment Palisade Wall x1 |
| 20:11 | Kubiasty · wall_segment Palisade Wall x1 |
| 20:18 | Kubiasty · wall_segment Palisade Wall x1 |
| 20:36 | MztK | FeNiX · first_market_buy 100 stone |
| 20:41 | Kubiasty · wall_segment Palisade Wall x1 |
| 20:42 | Kubiasty · wall_segment Palisade Wall x1 |
| 21:26 | Kubiasty · wall_segment Palisade Wall x1 |
| 21:26 | Kubiasty · wall_segment Palisade Wall x1 |
| 21:26 | Kubiasty · wall_segment Palisade Wall x1 |
| 21:26 | Kubiasty · wall_segment Palisade Wall x2 |
| 21:33 | MztK | FeNiX · wall_segment Palisade Wall x8 |
| 22:49 | Kubiasty · wall_segment Palisade Wall x1 |
| 22:50 | Kubiasty · wall_segment Palisade Wall x1 |
| 22:52 | Kubiasty · wall_segment Palisade Wall x1 |
| 22:52 | Kubiasty · wall_segment Palisade Wall x1 |
| 22:52 | Kubiasty · wall_segment Palisade Wall x1 |
| 22:52 | Kubiasty · wall_segment Palisade Wall x2 |
| 22:52 | Kubiasty · wall_segment Palisade Wall x1 |
| 22:53 | Kubiasty · wall_segment Palisade Wall x1 |
| 22:53 | Kubiasty · wall_segment Palisade Wall x1 |
| 22:53 | Kubiasty · wall_segment Palisade Wall x2 |
| 22:53 | Kubiasty · wall_segment Palisade Wall x2 |
| 23:01 | Kubiasty · wall_segment Palisade Wall x1 |
| 23:02 | Kubiasty · wall_segment Palisade Wall x1 |
| 24:09 | Kubiasty · wall_segment Stone Wall x1 |
| 24:11 | Kubiasty · wall_segment Stone Wall x1 |
| 24:15 | Kubiasty · wall_segment Palisade Wall x1 |
| 24:19 | Kubiasty · wall_segment Palisade Wall x1 |
| 25:26 | MztK | FeNiX · age_up castle |
| 25:33 | MztK | FeNiX · first_building Siege Workshop |
| 27:42 | Kubiasty · age_up castle |
| 27:51 | Kubiasty · first_building Castle |
| 27:53 | Kubiasty · first_building Siege Workshop |
| 29:09 | Kubiasty · wall_segment Stone Wall x1 |
| 31:28 | Kubiasty · wall_segment Palisade Wall x2 |
| 31:28 | Kubiasty · wall_segment Palisade Wall x2 |
| 31:29 | Kubiasty · wall_segment Palisade Wall x1 |
| 31:29 | Kubiasty · wall_segment Palisade Wall x2 |
| 31:29 | Kubiasty · wall_segment Palisade Wall x1 |
| 31:29 | Kubiasty · wall_segment Palisade Wall x2 |
| 36:20 | Kubiasty · first_building Monastery |
| 38:30 | MztK | FeNiX · resign |
[ AI ANALYSIS · 1 CREDIT ]
What really happened in this match?
Wolo.gg analyzes every decision: build order, eco, micro, common mistakes by bracket. Personalized analysis on WhatsApp or Discord in 30 seconds.
Civ guide
Persians
Perfil
Jugador #2326154